Kradschützen Motorcycle Team
Construct Light Support Kompanie
Selects Armored Support Battlegroup
Selects Superior Fire Drills
Construct Mechanized Kompanie
254 Reconnaissance Tractor
Marder III Tank Destroyer
Panzerjäger Mechanized Group
Selects Flammpanzer III Medium Tank
Flammpanzer III Medium Tank
Construct Panzerarmee Kommand
Selects Battlefield Salvage
Walking Stuka Rocket Launcher
Kradschützen Motorcycle Team
Walking Stuka Rocket Launcher